AoeStats
← Sargas

QS Arena

503430379Analyzed
1v1 RM · 1mo ago on Aug 31, 2026· 79m 37s· 2 players
Game mode
Random Map
Map size
Tiny (2 player)
Population
200
Speed
Normal
Resources
Standard
Victory
Conquest
Starting age
Dark Age
Ending age
Imperial Age
RankedLock teamsTeams togetherTeam positionsShared explorationLock speedFull tech treeHidden civsTurbo modeCheats
Victory
Defeat
🇪🇸 Teutons · Spain
475
+21
🇨🇱 Turks · Chile
591
-24
josemiguel.val
1:03 Loom
12:53 Feudal Age
13:48 Town Watch
14:52 Horse Collar
15:54 Double-Bit Axe
19:06 Fletching
19:17 Gold Mining
19:20 Man-at-Arms
20:33 Forging
20:26 Scale Mail Armor
20:37 Stone Mining
24:38 Castle Age
22:48 Arson
24:45 Scale Barding Armor
25:15 Bloodlines
25:56 Bow Saw
25:18 Pikeman
25:59 Gambesons
26:48 Squires
26:32 Long Swordsman
28:47 Ironclad
31:21 Wheelbarrow
33:37 Bodkin Arrow
35:24 Town Patrol
35:42 Fortified Wall
36:24 Hand Cart
42:09 Imperial Age
39:48 Guard Tower
40:10 Masonry
41:28 Iron Casting
42:15 Capped Ram
43:19 Crenellations
46:29 Hoardings
45:45 Cavalier
46:40 Arrowslits
48:14 Chemistry
48:55 Ballistics
53:47 Blast Furnace
58:25 Chain Barding Armor
58:16 Siege Engineers
60:47 Elite Teutonic Knight
63:14 Paladin
66:40 Two-Man Saw
65:44 Heavy Plow
76:10 Chain Mail Armor
77:02 Plate Barding Armor
Sargas
5:02 Loom
10:30 Feudal Age
10:59 Double-Bit Axe
10:56 Horse Collar
13:58 Scale Barding Armor
14:27 Gold Mining
14:31 Stone Mining
14:58 Forging
18:35 Fletching
19:34 Padded Archer Armor
24:41 Castle Age
22:40 Man-at-Arms
23:35 Town Watch
23:57 Scale Mail Armor
24:10 Arson
25:17 Crossbowman
28:58 Thumb Ring
28:52 Bodkin Arrow
31:00 Bow Saw
30:54 Heavy Plow
31:41 Ballistics
31:20 Murder Holes
31:36 Treadmill Crane
32:39 Long Swordsman
33:43 Sipahi
41:42 Imperial Age
40:13 Bloodlines
41:24 Squires
48:43 Gold Shaft Mining
49:12 Two-Man Saw
49:31 Conscription
52:15 Chain Barding Armor
52:55 Capped Ram
58:55 Bracer
62:29 Guilds
64:49 Town Patrol
65:04 Fervor
65:15 Sanctity
65:11 Redemption
66:19 Iron Casting
66:20 Plate Barding Armor
68:50 Heavy Scorpion
70:06 Heavy Cavalry Archer
71:13 Parthian Tactics
72:11 Blast Furnace
71:28 Leather Archer Armor
72:00 Heavy Camel Rider
72:45 Husbandry
73:52 Elite Janissary
75:58 Ring Archer Armor
75:58 Chain Mail Armor
Connection lost

Rejoining the realm…

Still unreachable

The connection could not be restored.

Session expired

The server has moved on; the page needs a fresh start.